 Dungeon Crawl Stone Soup version 0.29.0-4-gdea44cf6ec (webtiles) character file.

Game seed: 10881806983450844745

23 qw the Caller (level 3, 0/28 HPs)
             Began as a Ghoul Summoner on Sept 10, 2022.
             Slain by Sigmund
             ... wielding a +0 scythe
              (3 damage)
             ... on level 2 of the Dungeon.
             The game lasted 00:00:28 (1186 turns).

qw the Caller (Ghoul Summoner)                      Turns: 1186, Time: 00:00:29

Health: 0/28       AC:  5    Str: 13    XL:     3   Next: 0%
Magic:  4/4        EV: 10    Int: 10    God:
Gold:   59         SH:  0    Dex:  9    Spells: 4/5 levels left

rFire   . . .      SeeInvis .   Y - +1 hand axe
rCold   + . .      Faith    .   (no shield)
rNeg    + + +      Spirit   .   l - +0 ring mail
rPois   inf        Reflect  .   (no helmet)
rElec   .          Harm     .   (no cloak)
rCorr   .          Rampage  .   (no gloves)
Will    .....                   (no boots)
Stlth   +.........              (no amulet)
HPRegen 0.00/turn               (no ring)
MPRegen 0.09/turn               (no ring)

@: inhibited regen
A: claws 1, cold resistance 1, negative energy resistance 3, inhibited
regeneration, torment resistance 2, devour on kill
a: no special abilities


You were on level 2 of the Dungeon.
You visited 1 branch of the dungeon, and saw 2 of its levels.

You collected 59 gold pieces.


Innate Abilities, Weirdness & Mutations

You are immune to poison.
You have sharp fingernails.
Your flesh is cold resistant. (rC+)
You are immune to negative energy. (rN+++)
You do not regenerate when monsters are visible.
You are immune to unholy pain and torment.
You thrive by killing the living.


   Skills:
 + Level 1.0 Fighting
 - Level 2.0 Axes
 - Level 1.7 Dodging
 - Level 2.1 Stealth
 - Level 1.7 Spellcasting
 - Level 3.6 Summonings


You had 4 spell levels left.
You knew the following spells:

 Your Spells              Type           Power      Damage    Failure   Level
a - Summon Small Mammal   Summ           32%        N/A       16%         1

Your spell library contained the following spells:

 Spells                   Type           Power      Damage    Failure   Level
 Call Imp                 Summ           8%         N/A       24%         2
 Call Canine Familiar     Summ           8%         N/A       43%         3
 Summon Guardian Golem    Hex/Summ       4%         N/A       71%         3
 Summon Lightning Spire   Summ/Air       4%         N/A       98%         4

Inventory:

Hand Weapons
 c - a +0 whip
 Y - a +1 hand axe (weapon)
Missiles
 f - 6 boomerangs (quivered)
Armour
 l - a +0 ring mail (worn)
Scrolls
 a - a scroll of poison {unknown}
Potions
 d - a potion of flight {unknown}
 e - a potion of might {unknown}
 g - a potion of heal wounds {unknown}
 i - a potion of resistance {unknown}
 j - a potion of lignification {unknown}

Dungeon Overview and Level Annotations

Branches:
Dungeon (2/15)

Altars:

Annotations:
D:2 Sigmund


Message History

Your experience leads to an increase in your attributes!
Increase (S)trength, (I)ntelligence, or (D)exterity?
You feel stronger. x2
You start resting.
Your bat disappears in a puff of smoke!
Magic restored.
Found a hand axe.
There is an escape hatch in the ceiling here.
You see here a +0 hand axe.
Found a dagger.
Enter note:
Enter note:
a - a scroll labelled KIUR YRUPNO Sigmund the Dreaded comes into view.
He is wielding a +0 scythe and wearing a +2 robe of willpower.
1177 ||| CASTING Summon Small Mammal
Casting: Summon Small Mammal (safe; 16% risk of failure)
Confirm with . or Enter, or press ? or * to list all spells.
Sigmund shouts!
Sigmund casts a spell at you.
You are confused.
Sigmund drinks a potion.
Sigmund seems to speed up.
Are you sure you want to stumble around while confused and next to your rat?
You bump into the rock wall.
Are you sure you want to stumble around while confused and next to your rat?
You hit your rat.
You kill your rat!
Your rat's corpse disappears in a puff of smoke!
Sigmund mumbles some strange words.
Sigmund flickers and vanishes!
Deactivating autopickup; reactivate with Ctrl-A.
You're too confused to move!
You feel less confused. Something hits you but does no damage.
You barely miss something. Something hits you! x2
You closely miss something. Something hits you!
You barely miss something. Something hits you.
You die...

#.#. #..# #.#< # #..#
#.#. #. #..# #.#. #.#
#..######### #.#.
...#..........####...
#.#.... ..#.....###) #
#..{?# #.#..##.....
#.###.#@.#
#.#..####..#
......#..#
#...........
#).....####.#..####..#
#.#...................
#.###.####..##.#######
#...........##.#
#...........##.#
#####.#####.....
#..........#


There were no monsters in sight!

Vanquished Creatures
  2 endoplasms (D:1)
  A giant cockroach (D:1)
  2 goblins (D:1)
  4 hobgoblins
  2 kobolds (D:1)
  2 quokkas (D:1)
  2 frilled lizards
  2 rats
17 creatures vanquished.

Vanquished Creatures (collateral kills)
  A quokka (D:1)
  2 ball pythons (D:1)
3 creatures vanquished.

Grand Total: 20 creatures vanquished

Notes
Turn   | Place    | Note
-------+----------+-------------------------------------------
     0 | D:1      | qw the Ghoul Summoner began the quest for the Orb.
     0 | D:1      | Reached XP level 1. HP: 14/14 MP: 2/2
     0 | D:1      | 0 ||| qw: Version: 0.1-a-116-g5d60599
     0 | D:1      | 0 ||| qw: Game counter: 7515
     0 | D:1      | 0 ||| qw: Always use a shield: true
     0 | D:1      | 0 ||| qw: God list: Okawaru
     0 | D:1      | 0 ||| qw: Allow faded altars: false
     0 | D:1      | 0 ||| qw: Do Orc after D:15 true
     0 | D:1      | 0 ||| qw: Do second Lair branch before Depths: true
     0 | D:1      | 0 ||| qw: Lair rune preference: random
     0 | D:1      | 0 ||| qw: Plans: Normal
     0 | D:1      | 0 ||| PLANNING D:1-11
    12 | D:1      | 12 ||| CASTING Summon Small Mammal
    13 | D:1      | 13 ||| CASTING Summon Small Mammal
    94 | D:1      | 94 ||| CASTING Summon Small Mammal
    95 | D:1      | 95 ||| CASTING Summon Small Mammal
   107 | D:1      | 107 ||| CASTING Summon Small Mammal
   140 | D:1      | 140 ||| Wielding weapon +0 whip.
   160 | D:1      | 160 ||| CASTING Summon Small Mammal
   161 | D:1      | 161 ||| CASTING Summon Small Mammal
   207 | D:1      | 207 ||| CASTING Summon Small Mammal
   208 | D:1      | 208 ||| CASTING Summon Small Mammal
   211 | D:1      | Reached skill level 1 in Axes
   253 | D:1      | 253 ||| CASTING Summon Small Mammal
   254 | D:1      | 254 ||| CASTING Summon Small Mammal
   328 | D:1      | 328 ||| CASTING Summon Small Mammal
   329 | D:1      | 329 ||| CASTING Summon Small Mammal
   338 | D:1      | Reached skill level 1 in Fighting
   338 | D:1      | Reached XP level 2. HP: 23/23 MP: 0/3
   412 | D:1      | 412 ||| SWAPPING to +0 hand axe.
   424 | D:1      | 424 ||| CASTING Summon Small Mammal
   425 | D:1      | 425 ||| CASTING Summon Small Mammal
   426 | D:1      | 426 ||| CASTING Summon Small Mammal
   523 | D:1      | 523 ||| CASTING Summon Small Mammal
   524 | D:1      | 524 ||| CASTING Summon Small Mammal
   525 | D:1      | 525 ||| CASTING Summon Small Mammal
   562 | D:1      | 562 ||| CASTING Summon Small Mammal
   563 | D:1      | 563 ||| CASTING Summon Small Mammal
   564 | D:1      | 564 ||| CASTING Summon Small Mammal
   622 | D:1      | 622 ||| CASTING Summon Small Mammal
   623 | D:1      | 623 ||| CASTING Summon Small Mammal
   625 | D:1      | 625 ||| CASTING Summon Small Mammal
   660 | D:1      | 660 ||| CASTING Summon Small Mammal
   661 | D:1      | 661 ||| CASTING Summon Small Mammal
   662 | D:1      | 662 ||| CASTING Summon Small Mammal
   771 | D:1      | 771 ||| CASTING Summon Small Mammal
   772 | D:1      | 772 ||| CASTING Summon Small Mammal
   773 | D:1      | 773 ||| CASTING Summon Small Mammal
   819 | D:1      | 819 ||| CASTING Summon Small Mammal
   820 | D:1      | 820 ||| CASTING Summon Small Mammal
   821 | D:1      | 821 ||| CASTING Summon Small Mammal
   867 | D:1      | 867 ||| CASTING Summon Small Mammal
   868 | D:1      | 868 ||| CASTING Summon Small Mammal
   869 | D:1      | 869 ||| CASTING Summon Small Mammal
   991 | D:1      | Found a faded altar of an unknown god.
  1017 | D:1      | 1017 ||| UPGRADING to +0 ring mail.
  1027 | D:1      | 1027 ||| DROPPING +0 robe.
  1028 | D:1      | 1028 ||| READING scroll labelled QEB BUAGAOTSYN.
  1029 | D:1      | 1029 ||| DROPPING potion of magic.
  1052 | D:2      | 1052 ||| CASTING Summon Small Mammal
  1053 | D:2      | 1053 ||| STAIRDANCE
  1093 | D:2      | 1093 ||| CASTING Summon Small Mammal
  1094 | D:2      | 1094 ||| CASTING Summon Small Mammal
  1095 | D:2      | 1095 ||| CASTING Summon Small Mammal
  1103 | D:2      | Reached XP level 3. HP: 28/28 MP: 0/4
  1176 | D:2      | Noticed Sigmund
  1177 | D:2      | 1177 ||| CASTING Summon Small Mammal
  1185 | D:2      | HP: 3/28 [something (7)]
  1186 | D:2      | Slain by Sigmund

Levels and vault maps discovered:
D:1:      psy_arrival_whirlpool, layout_basic, basic_ecumenical_altar,
          serial_bayou_lake_a
D:2:      layout_loops_ring, uniq_sigmund

Skill      XL: |  1  2 |
---------------+-------+-----
Axes           | 1 2 |  2.0
Fighting       | 1 |  1.0
Dodging        | |  1.7
Stealth        | |  2.1
Spellcasting   | |  1.7
Summonings     | |  3.6

Action                   || total
-------------------------++-------
Melee: Unarmed           ||     6
       Whip              ||     4
       Hand axe          ||    25
       Punch             ||     1
Throw: Boomerang         ||     6
 Cast: Summon Small Mamm ||    37
  Use: Scroll            ||     1
Armor: Ring mail         ||     3
       Robe              ||     2
Dodge: Dodged            ||    14

Table legend:
 A = Non-vault XP
 B = Vault XP
 C = Vault XP percentage of total XP
 D = Non-vault monster count
 E = Vault monster count
 F = Vault count percentage of total count
                 A         B        C        D         E       F
            +---------+---------+-------+---------+---------+-------
      Total |      34 |       0 |   0.0 |      20 |       0 |   0.0
            +---------+---------+-------+---------+---------+-------
        D:1 |      30 |       0 |   0.0 |      17 |       0 |   0.0
        D:2 |       4 |       0 |   0.0 |       3 |       0 |   0.0
            +---------+---------+-------+---------+---------+-------
